 Dungeon Crawl Stone Soup version 0.19-a0-1008-g4c63d25 (webtiles) character file.

4776 epen the Transmogrifier (level 10, -10/77 HPs)
             Began as a Merfolk Transmuter on July 23, 2016.
             Was a Follower of Uskayaw.
             Mangled by a guardian serpent (18 damage)
             ... on level 9 of the Dungeon.
             The game lasted 00:16:42 (10241 turns).

epen the Transmogrifier (Merfolk Transmuter)       Turns: 10241, Time: 00:16:42

Health: -10/77     AC:  4    Str: 10    XL:     10   Next: 47%
Magic:  21/21      EV: 17    Int: 16    God:    Uskayaw [*.....]
Gold:   406        SH:  2    Dex: 15    Spells: 3 memorised, 14 levels left

rFire  . . .     SeeInvis .       - Unarmed
rCold  . . .     Gourm    .     b - +0 robe
rNeg   . . .     Faith    .     (no shield)
rPois  .         Spirit   .     E - +0 helmet
rElec  .         Dismiss  .     (no cloak)
rCorr  .         Reflect  +     v - +0 pair of gloves
SustAt .         Harm     .     (no boots)
MR     .....                    B - +2 amulet of reflection
Stlth  ..........               (no ring)
                                j - ring of loudness

@: lethally poisoned (-10 -> -34), not resistant to hostile enchantments,
extremely unstealthy
A: change form in water, swift swim
a: Stomp, Renounce Religion


You were on level 9 of the Dungeon.
You worshipped Uskayaw.
Uskayaw was noncommittal.
You were not hungry.

You visited 1 branch of the dungeon, and saw 9 of its levels.

You collected 406 gold pieces.

Inventory:

Missiles
 a - 157 arrows
Armour
 b - a +0 robe (worn)
 v - a +0 pair of gloves (worn)
 E - a +0 helmet (worn)
 H - a steam dragon hide
Rods
 D - a +2 rod of ignition (15/15)
   (You found it on level 7 of the Dungeon)
Jewellery
 j - a ring of loudness (left hand)
 x - an uncursed amulet of rage
 B - a +2 amulet of reflection (around neck)
Wands
 r - a wand of digging (7/24)
Scrolls
 e - 2 scrolls of remove curse
 k - 4 scrolls of identify
 m - 2 scrolls of magic mapping
 o - a scroll of fear
 p - 2 scrolls of random uselessness
Potions
 q - a potion of might {unknown}
 t - 4 potions of curing
 u - a potion of berserk rage {unknown}
 z - 2 potions of degeneration {unknown}
 A - a potion of mutation {unknown}
Books
 c - a book of Changes

   Spells                             Type                      Level
   a - Beastly Appendage              Transmutation                1
   b - Sticks to Snakes               Transmutation                2
   c - Spider Form                    Transmutation/Poison         3
   d - Ice Form                       Ice/Transmutation            4
   e - Blade Hands                    Transmutation                5
Comestibles
 d - 9 bread rations
 f - 3 beef jerkies
 g - 10 fruits
 i - a slice of pizza
 l - 5 meat rations


   Skills:
 + Level 6.3 Fighting
 + Level 8.3 Dodging
 + Level 6.9 Unarmed Combat
 * Level 7.6 Spellcasting
 * Level 10.6 Transmutations


You had 14 spell levels left.
You knew the following spells:

 Your Spells              Type           Power        Failure   Level  Hunger
b - Sticks to Snakes      Tmut           #####...     1%          2    None
c - Spider Form           Tmut/Pois      ###.......   4%          3    ##.....
d - Blade Hands           Tmut           #####.....   4%          5    #####..


Dungeon Overview and Level Annotations

Branches:
Dungeon (9/15)             Temple (0/1) D:5            Lair (0/6) D:8
    Orc: D:9-12

Altars:
Fedhas
Gozag
Makhleb
Ru
Sif Muna
Uskayaw
Yredelemnul
The Shining One

Shops:
D:4 ((   D:8 =

Annotations:
D:2 exclusion: oklob plant
D:4 Rationalist's ghost, novice MiFi


Message History

The guardian serpent hits you but does no damage.
You hit the guardian serpent but do no damage.
The guardian serpent is moderately wounded.
You feel sick.
The guardian serpent closely misses you.
You closely miss the guardian serpent.
The guardian serpent is moderately wounded.
You feel sick. The guardian serpent hits you!
You hit the guardian serpent but do no damage.
The guardian serpent is heavily wounded.
Your transformation has ended.
Your +0 helmet unmelds from your body.
Your +0 pair of gloves unmelds from your body.
Your +0 robe unmelds from your body.
You feel sick.
The guardian serpent coils itself and waves its upper body at you.
The bolt of poison hits you!
You are more poisoned.
* * * LOW HITPOINT WARNING * * *
The guardian serpent hits you!!
You die...

# *,# *,*,* *,* *,*,*
*,* *,*,* *,***### *.#,*
*,,,,..# *.#,# *** ***
*****#.###.#.# ,,***
#,** #.#...#.#
*,,,**#..#######..#.#..#
***,,,+........S@......#
****#.#####.###.#.#.##
###*** #.# ##...#* #.#
#.# ##.### #.# #.# #...#
#.########.# ###.#
#..........# #.#
#########..# #.# ####
#.)# #.#


You could see a guardian serpent.

Vanquished Creatures
  Pikel (D:6)
  A guardian serpent (D:9)
  A spriggan (D:7)
  Eustachio (D:6)
  A steam dragon (D:9)
  A human (D:6)
  Edmund (D:5)
  Menkaure (D:6)
  2 slaves (D:6)
  2 black bears
  A phantom (D:7)
  2 orc warriors (D:9)
  An ice beast (D:9)
  3 ogres
  3 centaurs
  4 giant frogs
  A scorpion (D:7)
  A water moccasin skeleton (D:4)
  7 killer bees
  A crimson imp (D:9)
  A centaur zombie (D:6)
  A quasit (D:4)
  A giant frog zombie (D:6)
  5 hounds
  5 jellies
  10 orc wizards
  3 orc priests
  A centaur skeleton (D:9)
  An iron imp (D:8)
  3 iguanas
  6 worker ants
  A hound zombie (D:9)
  A hound skeleton (D:9)
  9 gnolls
  9 adders
  4 shadow imps
  2 oozes
  3 adder skeletons
  2 adder zombies
  2 worms (D:2)
  4 dart slugs
  3 giant geckos (D:2)
  29 orcs
  2 ball pythons
  9 bats
  5 giant cockroaches
  7 goblins
  9 hobgoblins
  12 jackals
  10 kobolds
  6 quokkas
  A giant gecko zombie (D:7)
  4 giant newts
  A goblin zombie (D:6)
  A hobgoblin zombie (D:8)
  2 kobold skeletons (D:8)
  2 kobold zombies (D:8)
  2 orc zombies (D:8)
  2 quokka zombies (D:5)
  9 rats
226 creatures vanquished.

Vanquished Creatures (others)
  A bat (D:1)
  14 toadstools (D:2)
15 creatures vanquished.

Grand Total: 241 creatures vanquished

Notes
Turn   | Place    | Note
-------+----------+-------------------------------------------
     0 | D:1      | epen the Merfolk Transmuter began the quest for the Orb.
     0 | D:1      | Reached XP level 1. HP: 15/15 MP: 3/3
   200 | D:1      | Reached XP level 2. HP: 16/21 MP: 5/5
   211 | D:1      | Learned a level 2 spell: Sticks to Snakes
   381 | D:1      | Reached skill level 3 in Transmutations
  1023 | D:1      | Reached XP level 3. HP: 19/27 MP: 6/6
  1028 | D:1      | Learned a level 3 spell: Spider Form
  1653 | D:2      | Reached XP level 4. HP: 33/33 MP: 3/7
  1674 | D:2      | Noticed a dagger
  1674 | D:2      | Noticed a hand axe
  2177 | D:2      | Found a deep blue altar of Sif Muna.
  2219 | D:2      | Found a hide-covered altar of Uskayaw.
  2227 | D:2      | Became a worshipper of Uskayaw the Reveler
  2239 | D:2      | Reached * piety under Uskayaw
  2441 | D:2      | Found a basalt altar of Yredelemnul.
  2472 | D:2      | Found a blossoming altar of Fedhas.
  2567 | D:2      | Noticed an oklob plant
  3291 | D:3      | Reached ** piety under Uskayaw
  3551 | D:3      | Reached XP level 5. HP: 8/38 MP: 6/9
  3819 | D:4      | Reached skill level 4 in Transmutations
  4214 | D:4      | Reached XP level 6. HP: 46/46 MP: 4/11
  4219 | D:4      | Reached *** piety under Uskayaw
  4405 | D:4      | Noticed Rationalist's ghost (novice MiFi)
  4453 | D:4      | Found Refuwn's Weapon Boutique.
  4538 | D:4      | Found Nudwog's Antique Weapon Emporium.
  4697 | D:5      | Entered Level 5 of the Dungeon
  4705 | D:5      | Reached skill level 5 in Transmutations
  4729 | D:5      | Noticed Edmund
  4743 | D:5      | Killed Edmund
  4743 | D:5      | Reached XP level 7. HP: 34/52 MP: 7/13
  5082 | D:5      | Found a staircase to the Ecumenical Temple.
  5166 | D:5      | Reached skill level 5 in Dodging
  5166 | D:5      | Reached skill level 6 in Transmutations
  5173 | D:5      | Reached **** piety under Uskayaw
  5333 | D:6      | Noticed Eustachio
  5351 | D:6      | Reached skill level 5 in Unarmed Combat
  5351 | D:6      | Reached XP level 8. HP: 46/58 MP: 11/15
  5528 | D:6      | Killed Eustachio
  5591 | D:6      | Found a sacrificial altar of Ru.
  5666 | D:6      | Reached skill level 5 in Spellcasting
  5713 | D:6      | Learned a level 5 spell: Blade Hands
  5770 | D:6      | Reached skill level 7 in Transmutations
  5798 | D:6      | Noticed Pikel
  5811 | D:6      | Killed Pikel
  5811 | D:6      | Reached skill level 8 in Transmutations
  5811 | D:6      | Reached XP level 9. HP: 34/66 MP: 14/17
  5998 | D:6      | Found a runed door.
  5999 | D:6      | Noticed Menkaure
  6002 | D:6      | Found a basalt altar of Yredelemnul.
  6012 | D:6      | Killed Menkaure
  6306 | D:6      | Found an opulent altar of Gozag.
  6399 | D:6      | Reached skill level 5 in Fighting
  6575 | D:7      | Reached skill level 9 in Transmutations
  6756 | D:7      | Reached ***** piety under Uskayaw
  7577 | D:8      | Found a sacrificial altar of Ru.
  7602 | D:8      | Found Roanuedel's Jewellery Boutique.
  7654 | D:8      | Found a deep blue altar of Sif Muna.
  7809 | D:8      | Found a staircase to the Lair.
  7952 | D:8      | Found a glowing golden altar of the Shining One.
  8188 | D:9      | Reached XP level 10. HP: 74/76 MP: 14/20
  8622 | D:9      | Reached skill level 10 in Transmutations
  8644 | D:9      | Noticed a guardian serpent
  8652 | D:9      | Killed a guardian serpent
  9289 | D:9      | Found a burning altar of Makhleb.
  9773 | D:9      | Noticed a guardian serpent
 10241 | D:9      | Mangled by a guardian serpent

Vault maps used:
D:1:      dpeg_arrival_connections, hangedman_glass_garden, minmay_heptomino_l4
D:2:      lemuel_doored_altar, dancing_weapons_uskayaw, lemuel_crystal_altar,
          tgw_fedhas
D:4:      first_bread, serial_shops, kennysheep_little_box,
          kennysheep_mini_moat, nicolae_shop_window_shopping
D:5:      uniq_edmund
D:6:      nicolae_overflow_crystal_walls, basic_altar, dk_yredelemnul_ordeal,
          uniq_eustachio, uniq_pikel, uniq_menkaure
D:7:      the_bakery, hangedman_decor_riveting
D:8:      nicolae_tso_besieged_by_evil, lair_0_dummy, serial_shops, shop_statue,
          basic_altar, nicolae_ru_great_annihilating_truth
D:9:      nrook_guardian_serpent_snake_passage, makhleb_grotto_becter

Skill      XL: |  1  2  3  4  5  6  7  8  9 10 |
---------------+-------------------------------+-----
Transmutations | 3 4 5 6 8 9 10 | 10.6
Dodging        | 3 4 5 6 7 8 |  8.3
Fighting       | 2 3 4 5 6 |  6.3
Spellcasting   | 3 4 5 6 7 |  7.6
Unarmed Combat | 4 5 6 |  6.9

Action                   |  1- 3 |  4- 6 |  7- 9 | 10-12 || total
-------------------------+-------+-------+-------+-------++-------
Melee: Unarmed           |   133 |   224 |   332 |   158 ||   847
       Punch             |     2 |     1 |     1 |     2 ||     6
 Cast: Beastly Appendage |     1 |     1 |       |       ||     2
       Spider Form       |     2 |    15 |    24 |     3 ||    44
       Blade Hands       |       |       |     5 |    11 ||    16
  Use: Potion            |       |       |     1 |     5 ||     6
       Scroll            |       |       |       |    14 ||    14
 Stab: Sleeping          |     3 |       |       |       ||     3
       Paralysed         |       |       |    10 |     6 ||    16
  Eat: Chunk             |     2 |    13 |    14 |     9 ||    38
       Royal jelly       |       |       |       |     1 ||     1
Armor: Robe              |    22 |    30 |     7 |     3 ||    62
       Skin              |     1 |     6 |     8 |     1 ||    16
Dodge: Dodged            |   104 |   211 |   310 |   113 ||   738
Block: Other             |       |       |       |    12 ||    12
